 Dungeon Crawl Stone Soup version 0.16.0-11-gd45b091 (webtiles) character file.

308 Sorcv the Covert (level 6, -7/32 HPs)
             Began as a Kobold Enchanter on Mar 17, 2015.
             Was a Follower of Ashenzari.
             Killed by divine providence
             ... invoked by an orc priest
              (13 damage)
             ... on level 5 of the Dungeon.
             The game lasted 00:10:01 (2091 turns).

Sorcv the Covert (Kobold Enchanter)                 Turns: 2091, Time: 00:10:02

Health: -7/32      AC:  4    Str: 14    XL:     6   Next: 68%
Magic:  10/10      EV: 15    Int: 13    God:    Ashenzari [*.....]
Gold:   143        SH:  0    Dex: 18    Spells: 3 memorised, 3 levels left

rFire  x . .     SeeInvis .     o - +2 dagger (flame)
rCold  + . .     Clarity  .     b - +1 robe
rNeg   . . .     SustAb   .     (no shield)
rPois  .         Gourm    .     v - +0 helmet
rElec  .         Spirit   .     (no cloak)
rCorr  .         Warding  .     (no gloves)
rMut   .         Stasis   .     (no boots)
MR     .....                    (no amulet)
Stlth  +++++.....               i - ring of ice
                                n - +2 ring of strength

@: mighty, not resistant to hostile enchantments, quite stealthy
A: carnivore 3
a: Renounce Religion


You were on level 5 of the Dungeon.
You worshipped Ashenzari.
Ashenzari was aware of your devotion.
You were not hungry.

You visited 1 branch of the dungeon, and saw 5 of its levels.

You collected 143 gold pieces.

Inventory:

Hand weapons
 a - a +1 dagger
 o - a +2 dagger of flaming (weapon)
 t - a cursed -2 rapier
Missiles
 m - a throwing net (quivered)
Armour
 b - a +1 robe (worn)
 v - a +0 helmet (worn)
Jewellery
 h - a cursed ring of teleportation
 i - a ring of ice (right hand)
 n - a +2 ring of strength (left hand)
Magical devices
 k - a wand of random effects (35)
Scrolls
 e - a scroll of fear
 f - a scroll of fog
 j - a scroll of teleportation
 l - 2 scrolls of remove curse
 s - a scroll of random uselessness
 u - 2 scrolls of amnesia
 w - a scroll of enchant weapon {unknown}
 x - 2 scrolls of identify
Potions
 p - a potion of restore abilities
Books
 c - a book of Maledictions

   Spells                             Type                      Level
   a - Corona                         Hexes                        1
   b - Sure Blade                     Hexes/Charms                 2
   c - Ensorcelled Hibernation        Hexes/Ice                    2
   d - Confuse                        Hexes                        3
   e - Dazzling Spray                 Conjuration/Hexes            3
   f - Enslavement                    Hexes                        4
Comestibles
 d - 3 meat rations
 q - a royal jelly


   Skills:
 - Level 1.3 Short Blades
 - Level 2.4 Dodging
 + Level 9.8 Stealth
 - Level 2.0 Spellcasting
 - Level 3.0 Hexes


You had 3 spell levels left.
You knew the following spells:

 Your Spells              Type           Power        Failure   Level  Hunger
a - Corona                Hex            #......      10%         1    ##.....
b - Ensorcelled Hibernat  Hex/Ice        #.....       21%         2    ###....
c - Confuse               Hex            #.......     21%         3    ####...


Dungeon Overview and Level Annotations

Branches:
Dungeon (5/15)
 Temple: D:4-7

Altars:
Ashenzari
Elyvilon
Gozag
Qazlal
Xom
Yredelemnul
Zin


Innate Abilities, Weirdness & Mutations

You are small and have problems with some larger weapons.
You are carnivorous and can eat meat at any time.


Message History

The orc hits you with a flail. The hound bites you.
The orc priest mumbles some strange prayers to Beogh against you.
Something smites you!
* * * LOW HITPOINT WARNING * * *
You see here an uncursed short sword.
Drink which item? (? for menu, Esc to quit)
You feel better. The hound bites you.
* * * LOW HITPOINT WARNING * * *
The orc barely misses you. The worker ant zombie bites you.
* * * LOW HITPOINT WARNING * * *
The hound barely misses you.
Drink which item? (? for menu, Esc to quit)
You feel very mighty all of a sudden.
The worker ant zombie barely misses you.
The orc misses you. The orc closely misses you. The hound closely misses you.
The orc priest hits you but does no damage.
The orc priest mumbles some strange prayers to Beogh against you.
Something smites you!
You die...

. ... .?8. .....
....._.###########
..._....<........#
##.......Z.h..###
####....o@..##
.......oo..#
............#
###..o.....# ###
#........###.##
#........##...#
##.......####.#
#..###.####...#
#.##.<.###...##


You could see a hound, 2 orc priests, 2 orcs and a worker ant zombie.

Vanquished Creatures
  An ice beast (D:5)
  A worker ant (D:4)
  A killer bee zombie (D:5)
  Jessica (D:2)
  Robin (D:3)
  2 gnolls (D:3)
  5 adders
  A worm (D:4)
  An ooze (D:3)
  2 orcs
  A bat skeleton (D:5)
  A giant cockroach (D:2)
  13 hobgoblins
  3 jackals (D:2)
  2 quokkas
  3 bats
  3 giant geckos
  2 giant newts
  14 goblins
  10 kobolds
  A quokka skeleton (D:4)
  8 rats
77 creatures vanquished.

Notes
Turn   | Place    | Note
--------------------------------------------------------------
     0 | D:1      | Sorcv, the Kobold Enchanter, began the quest for the Orb.
     0 | D:1      | Reached XP level 1. HP: 10/10 MP: 3/3
   266 | D:1      | Reached XP level 2. HP: 10/15 MP: 4/4
   270 | D:1      | Learned a level 2 spell: Ensorcelled Hibernation
   351 | D:2      | Found an opulent altar of Gozag.
   420 | D:2      | Found a shattered altar of Ashenzari.
   425 | D:2      | Became a worshipper of Ashenzari the Shackled
   502 | D:2      | Reached skill level 5 in Stealth
   548 | D:2      | Reached XP level 3. HP: 19/19 MP: 0/6
   624 | D:2      | Found a glowing silver altar of Zin.
   627 | D:2      | Noticed an angel
   641 | D:2      | Found a shimmering altar of Xom.
   671 | D:2      | Noticed Jessica
   686 | D:2      | Killed Jessica
   686 | D:2      | Reached skill level 6 in Stealth
   706 | D:2      | Learned a level 3 spell: Confuse
   809 | D:3      | Reached XP level 4. HP: 24/24 MP: 7/7
  1158 | D:3      | Reached skill level 7 in Stealth
  1230 | D:3      | Noticed Robin
  1253 | D:3      | Killed Robin
  1253 | D:3      | Reached XP level 5. HP: 24/28 MP: 0/9
  1377 | D:4      | Reached skill level 8 in Stealth
  1607 | D:4      | Found a basalt altar of Yredelemnul.
  1734 | D:4      | Reached XP level 6. HP: 16/32 MP: 10/10
  1835 | D:5      | Entered Level 5 of the Dungeon
  1835 | D:5      | Noticed an ice beast
  1836 | D:5      | Reached skill level 9 in Stealth
  1839 | D:5      | Killed an ice beast
  2083 | D:5      | Found a stormy altar of Qazlal.
  2083 | D:5      | Found a white marble altar of Elyvilon.
  2091 | D:5      | Killed from afar by an orc priest

Action                   |  1- 3 |  4- 6 || total
-------------------------+-------+-------++-------
Melee: Dagger            |    50 |   112 ||   162
 Cast: Ensorcelled Hiber |     2 |     5 ||     7
  Use: Potion            |     2 |     3 ||     5
       Scroll            |       |    11 ||    11
 Stab: Sleeping          |     9 |    20 ||    29
       Invisible         |       |     3 ||     3
  Eat: Chunk             |     1 |     6 ||     7
